 Dungeon Crawl Stone Soup version 0.20.0-15-g7f486f2 (webtiles) character file.

364 LlamaCharmer the Slasher (level 6, 0/48 HPs)
             Began as a Mummy Berserker on June 18, 2017.
             Was a Priest of Trog.
             Slain by a gnoll
             ... wielding a +0 whip
              (3 damage)
             ... on level 4 of the Dungeon.
             The game lasted 00:15:08 (4092 turns).

LlamaCharmer the Slasher (Mummy Berserker)          Turns: 4092, Time: 00:15:09

Health: 0/48       AC: 11    Str: 21    XL:     6   Next: 39%
Magic:  6/6        EV:  8    Int:  6    God:    Trog [***...]
Gold:   170        SH:  0    Dex: 15    Spells: 5/5 levels left

rFire    x . .     SeeInvis .   a - +0 falchion
rCold    + . .     Gourm    .   (no shield)
rNeg     + + +     Faith    .   i - +0 storm dragon scales
rPois    ∞         Spirit   .   (no helmet)
rElec    +         Reflect  .   (no cloak)
rCorr    .         Harm     .   r - +0 pair of gloves
MR       .....                  (no boots)
Stlth    ..........             f - amulet of regeneration
Regen    0.6/turn               c - +2 ring of dexterity
MPRegen  0.1/turn               (no ring)

@: no status effects
A: no food or potions, fire vulnerability, cold resistance 1, negative energy
resistance 3, torment resistance, unbreathing
a: Trog's Hand, Burn Spellbooks, Renounce Religion


You were on level 4 of the Dungeon.
You worshipped Trog.
Trog was most pleased with you.
You were not hungry.

You visited 1 branch of the dungeon, and saw 5 of its levels.

You collected 170 gold pieces.

Inventory:

Hand Weapons
 a - a +0 falchion (weapon)
 l - a +0 blowgun
 m - a +2 mace of crushing
Missiles
 g - 79 poisoned needles
Armour
 b - a +0 animal skin
 e - a +0 ring mail
 i - +0 storm dragon scales (worn)
 r - a +0 pair of gloves (worn)
Jewellery
 c - a +2 ring of dexterity (left hand)
 f - an amulet of regeneration (around neck)
 q - an uncursed amulet of the gourmand
Scrolls
 h - a scroll of recharging
 j - 2 scrolls of identify
 k - 2 scrolls of enchant weapon
 n - 2 scrolls of fog
 o - a scroll of enchant armour {unknown}
 p - 2 scrolls of amnesia {unknown}


   Skills:
 + Level 4.2 Fighting
 + Level 5.3 Long Blades
 - Level 1.5 Armour
 + Level 1.8 Dodging


You had 5 spell levels left.
You didn't know any spells.

Dungeon Overview and Level Annotations

Branches:
Dungeon (5/15)             Temple (0/1) D:4

Altars:
Fedhas
Ru
Sif Muna
Vehumet

Annotations:
D:3 asdu's ghost, amateur SpCK
D:5 Blork the orc


Innate Abilities, Weirdness & Mutations

You do not eat or drink.
Your flesh is vulnerable to fire.
You are immune to poison.
Your flesh is cold resistant. (rC+)
You are immune to negative energy. (rN+++)
You are immune to unholy pain and torment.
You can survive without breathing.


Message History

Your storm dragon scales prevents you from hitting the jackal.
The gnoll hits you with a whip. The gnoll hits you but does no damage.
The jackal bites you but does no damage.
The jackal completely misses you.
You riposte.
You closely miss the jackal. The gnoll barely misses you.
Your storm dragon scales prevents you from hitting the jackal.
The jackal bites you but does no damage.
The jackal barely misses you.
The gnoll hits you from afar with a halberd of holy wrath.
You convulse.
The gnoll hits you but does no damage.
The jackal bites you but does no damage.
You hit the jackal.
The jackal is heavily wounded.
The jackal bites you.
The gnoll hits you from afar with a halberd of holy wrath!
You convulse!!
* * * LOW HITPOINT WARNING * * *
The jackal bites you but does no damage.
The jackal barely misses you. The gnoll hits you with a whip.
You die...

..†<###.#####................##
......#..#...................#
....#.##.#.##................##
....#.##.#.#########...######.##
#####.##.#.# #...# ##.## #.##.#.#
#...# ##.. #.##(#.# #...# ###
#..._..#########...# #
####...g.ggh@h.....# #
######.#####gg####...###### #
#......#####......#.......#
###.#.g#.##.......#.#.#####.#####
..........................P.....#
≈≈≈≈≈...g≈≈≈≈≈≈≈≈≈≈≈≈≈≈≈≈≈≈≈....#
≈≈≈≈≈....≈≈≈≈≈≈≈≈≈≈≈≈≈≈≈≈≈≈≈....#
≈≈≈≈≈..s.≈≈≈≈≈≈≈≈≈≈≈≈#####≈≈....#
.....................#ggg#≈≈....#


You could see a gnoll shaman, 4 gnolls and 2 jackals.

Vanquished Creatures
  A scorpion (D:4)
  A hound (D:4)
  A bullfrog skeleton (D:4)
  A centaur skeleton (D:4)
  A worker ant (D:4)
  6 adders
  2 gnolls (D:4)
  A howler monkey skeleton (D:4)
  2 oozes
  A worm (D:4)
  2 dart slugs
  A leopard gecko (D:4)
  8 orcs
  5 ball pythons
  4 giant cockroaches
  4 goblins
  8 hobgoblins
  21 jackals
  A quokka (D:2)
  A ball python skeleton (D:4)
  6 bats
  4 frilled lizards
  8 kobolds
  6 rats
96 creatures vanquished.

Vanquished Creatures (others)
  A plant (D:4)
1 creature vanquished.

Grand Total: 97 creatures vanquished

Notes
Turn   | Place    | Note
-------+----------+-------------------------------------------
     0 | D:1      | LlamaCharmer the Mummy Berserker began the quest for the Orb.
     0 | D:1      | Reached XP level 1. HP: 18/18 MP: 1/1
   575 | D:1      | Reached XP level 2. HP: 22/24 MP: 2/2
   657 | D:1      | Reached skill level 3 in Long Blades
  1230 | D:2      | Reached ** piety under Trog
  1230 | D:2      | Reached XP level 3. HP: 29/29 MP: 3/3
  1476 | D:2      | Reached skill level 4 in Long Blades
  1503 | D:2      | Reached XP level 4. HP: 35/35 MP: 4/4
  2613 | D:3      | Found a sacrificial altar of Ru.
  2724 | D:4      | Found a blossoming altar of Fedhas.
  3029 | D:3      | Noticed asdu's ghost (amateur SpCK)
  3097 | D:4      | Reached XP level 5. HP: 37/41 MP: 5/5
  3241 | D:4      | Reached *** piety under Trog
  3369 | D:4      | Found a radiant altar of Vehumet.
  3379 | D:4      | Reached skill level 5 in Long Blades
  3425 | D:5      | Entered Level 5 of the Dungeon
  3543 | D:5      | Noticed Blork the orc
  3583 | D:4      | Found a deep blue altar of Sif Muna.
  3681 | D:4      | Reached XP level 6. HP: 41/48 MP: 6/6
  3693 | D:4      | Found a staircase to the Ecumenical Temple.
  4092 | D:4      | Slain by a gnoll

Skill      XL: |  1  2  3  4  5  6 |
---------------+-------------------+-----
Long Blades    | 3 4 5 |  5.3
Fighting       | 4 |  4.2
Armour         | |  1.5
Dodging        | |  1.8

Action                   |  1- 3 |  4- 6 || total
-------------------------+-------+-------++-------
Melee: Falchion          |   134 |   236 ||   370
 Fire: Blowgun           |       |     8 ||     8
  Use: Scroll            |     3 |     7 ||    10
Armor: Animal skin       |     9 |       ||     9
       Ring mail         |    25 |       ||    25
       Storm dragon scal |    50 |   175 ||   225
Dodge: Dodged            |    87 |   110 ||   197
       Rpst.: Falchion   |    32 |    31 ||    63
